 Dungeon Crawl Stone Soup version 0.29.1-2-gbd0b4ee654 (webtiles) character file.

Game seed: 15929916574647442935

13317 cdecastro the Timeless (level 11, -5/115 HPs)
             Began as a Troll Monk on Nov 8, 2022.
             Was a High Priest of Cheibriados.
             Slain by a red ugly thing (11 damage)
             ... on level 14 of the Dungeon.
             The game lasted 00:23:59 (9866 turns).

cdecastro the Timeless (Troll Monk)                 Turns: 9866, Time: 00:24:00

Health: -5/115     AC: 11    Str: 47    XL:     11   Next: 74%
Magic:  2/19       EV: 11    Int: 22    God:    Cheibriados [*****.]
Gold:   949        SH:  0    Dex: 28    Spells: 10/10 levels left

rFire   . . .      SeeInvis .     - Unarmed
rCold   . . .      Faith    .   (no shield)
rNeg    . . .      Spirit   .   O - +0 acid dragon scales
rPois   +          Reflect  .   (helmet restricted)
rElec   +          Harm     .   H - +2 cloak {Will+}
rCorr   +          Rampage  .   (gloves unavailable)
Will    +....                   (boots unavailable)
Stlth   ++........              (no amulet)
HPRegen 1.09/turn               N - ring "Sorag" {Fly rElec rPois rC- Str+4}
MPRegen 0.16/turn               F - ring of Ysseih {rC+ Str+6 Dex+2}

@: flying, very slow
A: large, unfitting armour, claws 3, regeneration 1, shaggy fur 1, tough skin 1
a: Renounce Religion, Bend Time, Temporal Distortion, Slouch, Step From Time


You were on level 14 of the Dungeon.
You worshipped Cheibriados.
Cheibriados was extremely pleased with you.
You visited 2 branches of the dungeon, and saw 13 of its levels.
You also visited: Ice Cave.

You collected 949 gold pieces.

Inventory:

Missiles
 c - 6 javelins
 g - 9 large rocks
 v - 19 poisoned darts (quivered)
 y - 5 boomerangs of dispersal
 z - 3 throwing nets
 A - 8 boomerangs
Armour
 a - a +0 robe
 H - a +2 cloak of willpower (worn)
 L - a +0 troll leather armour
 O - +0 acid dragon scales (worn)
Magical Staves
 o - a staff of conjuration
 M - a staff of death
Jewellery
 h - a +4 ring of protection
 F - the ring of Ysseih (right claw) {rC+ Str+6 Dex+2}
   (You found it in an ice cave)

   [ring of strength]

   Str:       It affects your strength (+6).
   Dex:       It affects your dexterity (+2).
   rC:        It protects you from cold.
 G - a ring of fire
 J - a ring of magical power
 N - the ring "Sorag" (left claw) {Fly rElec rPois rC- Str+4}
   (You found it in an ice cave)

   [ring of flight]

   Str:       It affects your strength (+4).
   rC:        It makes you vulnerable to cold.
   rElec:     It insulates you from electricity.
   rPois:     It protects you from poison.
   Fly:       It grants you flight.
Wands
 n - a wand of polymorph (2)
 u - a wand of light (14)
 B - a wand of flame (14)
 D - a wand of mindburst (3)
 E - a wand of iceblast (3)
 I - a wand of digging (4)
Scrolls
 j - a scroll of vulnerability
 l - 2 scrolls of fear
 m - 7 scrolls of enchant weapon
 p - a scroll of poison
 q - a scroll of enchant armour
 t - a scroll of brand weapon
 w - a scroll of magic mapping
 x - 2 scrolls of fog
 C - a scroll of immolation
Potions
 b - 9 potions of ambrosia
 d - 8 potions of mutation
 e - 4 potions of brilliance
 f - 8 potions of curing
 i - 2 potions of lignification
 k - a potion of resistance
 r - 2 potions of berserk rage
 s - a potion of flight
 K - a potion of cancellation


   Skills:
 + Level 9.1 Fighting
 - Level 2.4 Dodging
 - Level 1.0 Stealth
 - Level 10.0 Unarmed Combat
 - Level 12.0 Invocations


You had 10 spell levels left.
You didn't know any spells.
Your spell library contained the following spells:

 Spells                   Type           Power      Damage    Failure   Level
 Apportation              Tloc           0%         N/A       19%         1
 Necrotise                Necr           0%         1d4       19%         1
 Shock                    Conj/Air       0%         1d3       19%         1
 Summon Small Mammal      Summ           0%         N/A       19%         1
 Swiftness                Air            0%         N/A       50%         3
 Airstrike                Air            0%         2d(0-16)  88%         4
 Animate Dead             Necr           0%         N/A       88%         4
 Petrify                  Tmut/Erth      0%         N/A       88%         4
 Borgnjor's Vile Clutch   Necr/Erth      0%         N/A       99%         5
 Metabolic Englaciation   Hex/Ice        0%         N/A       99%         5
 Death Channel            Necr           0%         N/A       100%        6
 Statue Form              Tmut/Erth      0%         N/A       100%        6


Dungeon Overview and Level Annotations

Branches:
Dungeon (11/15)            Temple (1/1) D:7           IceCv (visited)
   Lair: D:8-11         Orc: D:9-12

Altars:
Ashenzari
Cheibriados
Dithmenos
Elyvilon
Fedhas
Gozag
Hepliaklqana
Kikubaaqudgha
Makhleb
Nemelex Xobeh
Okawaru
Qazlal
Ru
Sif Muna
Trog
Uskayaw
Vehumet
Wu Jian
Xom
Yredelemnul
Zin
The Shining One

Shops:
D:8 [

Annotations:
D:4 3 runed translucent doors, qeuew's ghost, amateur TeCj
D:9 Erica
D:14 Snorg


Innate Abilities, Weirdness & Mutations

You are too large for most types of armour.
You have claws for hands.
Your natural rate of healing is unusually fast.
You are covered in fur. (AC +1)
You have tough skin. (AC +1)


Message History

Unknown command.
You feel sick.
The red ugly thing gurgles horribly! x2
The brown ugly thing basks in the mutagenic energy from its kin and changes!
The red ugly thing basks in the mutagenic energy from its kin and changes!
You feel sick.
You are no longer poisoned.
The brown ugly thing basks in the mutagenic energy from its kin and changes!
You step out of the flow of time.
You return to the normal time flow.
Cheibriados lowers the support of your attributes as your movement quickens.
Unknown command.
The red ugly thing gurgles horribly!
A centaur comes into view.
A centaur warrior comes into view.
The centaur wields a +0 shortbow.
The centaur shoots an arrow.
The arrow hits you but does no damage.
The centaur shoots an arrow.
The arrow barely misses you.
The centaur shoots an arrow.
The arrow closely misses you.
You hear a shout!
The centaur unwields a +0 shortbow.
The centaur hits you.
* * * LOW HITPOINT WARNING * * *
The centaur barely misses you. The centaur closely misses you.
The centaur kicks you.
* * * LOW HITPOINT WARNING * * *
The red ugly thing headbutts you!
* * * LOW HITPOINT WARNING * * *
You are engulfed in flames!!
* * * LOW HITPOINT WARNING * * *
The centaur hits you but does no damage.
The centaur kicks you but does no damage.
You claw the red ugly thing!
The red ugly thing is moderately wounded.
A centaur comes into view.
The red ugly thing closely misses you. The centaur closely misses you.
The centaur barely misses you.
Unknown command.
You scratch the red ugly thing.
The red ugly thing is moderately wounded.
The centaur hits you but does no damage.
The centaur barely misses you. The red ugly thing headbutts you!
You die...

#.# ..# #.#
.#..
#####.#
#.....
#.....# #
#.##
###c### #.#
#.# ..# #.#
#c# #@#
#u#####
#.....#
#####.# #.#
.. #.# .#
#.# .#
#u####..
#.=..#.####


You could see a red ugly thing and 2 centaurs.

Vanquished Creatures
  An ice dragon (IceCv)
  A two-headed ogre (D:9)
  A salamander (shapeshifter) (D:14)
  2 ice statues (IceCv)
  4 rime drakes (IceCv)
  4 trolls
  A queen bee (D:11)
  A shadow (D:11)
  Sigmund (D:2)
  Eustachio (D:4)
  2 wyverns
  14 yaks
  Edmund (D:5)
  An acid dragon (D:11)
  A water moccasin (D:8)
  3 ice beasts
  Duvessa (D:5)
  6 orc warriors
  2 sky beasts (D:7)
  2 black bears
  2 ogres
  A centaur (D:10)
  Blork the orc (D:5)
  A phantom (D:4)
  3 bullfrogs
  2 kobold brigands
  3 scorpions
  2 gnoll sergeants
  3 wights (D:9)
  Dowan (D:5)
  5 lindwurm simulacra (IceCv)
  33 killer bees
  7 howler monkeys
  4 hounds
  Crazy Yiuf (D:6)
  4 komodo dragon simulacra (IceCv)
  2 orc priests
  4 jellies
  7 iguanas
  Natasha (thrice) (D:4)
  5 orc wizards
  27 gnolls
  6 acid dragon simulacra (IceCv)
  7 adders
  A shadow imp (D:6)
  2 ufetubi (D:6)
  6 steam dragon simulacra (IceCv)
  A worm (D:2)
  A dart slug (D:1)
  61 orcs
  8 ball pythons
  9 endoplasms
  2 giant cockroaches
  8 goblins
  4 hobgoblins
  18 jackals
  14 kobolds
  2 quokkas
  4 bats
  3 frilled lizards
  6 rats
334 creatures vanquished.

Vanquished Creatures (others)
  A bush (D:14)
  5 plants (D:5)
6 creatures vanquished.

Grand Total: 340 creatures vanquished

Notes
Turn   | Place    | Note
-------+----------+-------------------------------------------
     0 | D:1      | cdecastro the Troll Monk began the quest for the Orb.
     0 | D:1      | Reached XP level 1. HP: 22/22 MP: 0/0
   242 | D:1      | Reached XP level 2. HP: 29/29 MP: 1/1
   265 | D:1      | Found a faded altar of an unknown god.
   274 | D:1      | Prayed at the altar of an unknown god.
   274 | D:1      | Became a worshipper of Cheibriados the Contemplative
   274 | D:1      | Reached * piety under Cheibriados
   274 | D:1      | Reached ** piety under Cheibriados
   385 | D:1      | Reached *** piety under Cheibriados
   579 | D:1      | Reached XP level 3. HP: 36/36 MP: 2/2
   885 | D:2      | Noticed Sigmund
   899 | D:2      | Killed Sigmund
   900 | D:2      | Reached XP level 4. HP: 10/44 MP: 3/3
   900 | D:2      | Reached XP level 5. HP: 12/50 MP: 4/4
  1144 | D:2      | Reached **** piety under Cheibriados
  1532 | D:3      | Found a glowing silver altar of Zin.
  1645 | D:3      | Reached XP level 6. HP: 59/59 MP: 5/5
  1971 | D:3      | Found a shadowy altar of Dithmenos.
  2444 | D:4      | Found a runed translucent gate.
  2444 | D:4      | Found a runed translucent gate.
  2444 | D:4      | Found a runed translucent gate.
  2445 | D:4      | Noticed qeuew's ghost (amateur TeCj)
  2531 | D:4      | Found an opulent altar of Gozag.
  2615 | D:4      | Noticed Natasha
  2621 | D:4      | Killed Natasha
  2670 | D:4      | Found a hazy altar of Hepliaklqana.
  2714 | D:4      | Reached XP level 7. HP: 65/66 MP: 6/6
  2714 | D:4      | Noticed Natasha
  2722 | D:4      | Killed Natasha
  2733 | D:4      | Identified the +3 chain mail of Verdant Life {rElec rC+
                  | Regen+ Str-3}
  2734 | D:4      | Noticed Eustachio
  2741 | D:4      | Killed Eustachio
  2769 | D:4      | Found an opulent altar of Gozag.
  2791 | D:4      | Found an opulent altar of Gozag.
  2798 | D:4      | Found an opulent altar of Gozag.
  2922 | D:4      | Noticed Natasha
  2931 | D:4      | Killed Natasha
  2988 | D:5      | Entered Level 5 of the Dungeon
  3010 | D:5      | Reached ***** piety under Cheibriados
  3112 | D:5      | Noticed Blork the orc
  3116 | D:5      | Killed Blork the orc
  3259 | D:5      | Reached XP level 8. HP: 43/74 MP: 7/7
  3321 | D:5      | Reached skill level 10 in Unarmed Combat
  3565 | D:5      | Noticed Edmund
  3588 | D:5      | Killed Edmund
  3589 | D:5      | Reached skill level 5 in Fighting
  3650 | D:5      | Noticed Duvessa
  3650 | D:5      | Noticed Dowan
  3659 | D:5      | Killed Duvessa
  3665 | D:5      | Killed Dowan
  3937 | D:5      | Reached XP level 9. HP: 42/89 MP: 8/8
  4135 | D:5      | Found a snail-covered altar of Cheibriados.
  4540 | D:6      | Reached ****** piety under Cheibriados
  4668 | D:6      | Found a runed translucent door.
  4669 | D:6      | Noticed Crazy Yiuf
  4718 | D:6      | Found a hide-covered altar of Uskayaw.
  4718 | D:6      | Noticed a +0 short sword
  4718 | D:6      | Noticed a +0 spear
  4719 | D:6      | Noticed a +0 dagger
  4720 | D:6      | Noticed a +0 short sword
  4720 | D:6      | Noticed a +0 spear
  4721 | D:6      | Noticed a +0 dagger
  4721 | D:6      | Noticed a +0 falchion
  4723 | D:6      | Noticed a +0 falchion
  5092 | D:6      | Found a burning altar of Makhleb.
  5263 | D:6      | Killed Crazy Yiuf
  5307 | D:7      | Found a staircase to the Ecumenical Temple.
  5359 | Temple   | Entered the Ecumenical Temple
  5724 | D:7      | Found a basalt altar of Yredelemnul.
  5747 | D:7      | Reached skill level 1 in Invocations
  5796 | D:7      | Reached skill level 2 in Invocations
  6041 | D:8      | Found a sparkling altar of Nemelex Xobeh.
  6134 | D:8      | Reached skill level 3 in Invocations
  6214 | D:8      | Reached skill level 4 in Invocations
  6524 | D:8      | Reached skill level 5 in Invocations
  6718 | D:8      | Reached XP level 10. HP: 104/104 MP: 13/13
  6763 | D:8      | Found Vuiseumy's Armour Boutique.
  6912 | D:9      | Reached skill level 6 in Invocations
  7006 | D:9      | Found an iron altar of Okawaru.
  7033 | D:9      | Reached skill level 7 in Invocations
  7219 | D:9      | Found a bloodstained altar of Trog.
  7229 | D:9      | Reached skill level 8 in Invocations
  7490 | D:9      | Noticed Erica
  7608 | D:9      | Noticed a two-headed ogre
  7614 | D:9      | Killed a two-headed ogre
  7615 | D:9      | Reached skill level 9 in Invocations
  7662 | D:9      | Found a sacrificial altar of Ru.
  7809 | D:10     | Entered Level 10 of the Dungeon
  7878 | D:10     | Found a broken altar of Ashenzari.
  8039 | D:10     | Reached skill level 10 in Invocations
  8069 | D:10     | Reached XP level 11. HP: 111/111 MP: 17/17
  8417 | D:10     | Found a stormy altar of Qazlal.
  8419 | D:10     | Found a shimmering blue altar of Sif Muna.
  8785 | D:11     | Found a frozen archway.
  8797 | IceCv    | Entered an ice cave
  8932 | IceCv    | Reached skill level 11 in Invocations
  9155 | IceCv    | Noticed an ice dragon
  9167 | IceCv    | Killed an ice dragon
  9254 | IceCv    | Identified the ring of Ysseih {rC+ Str+6 Dex+2}
  9325 | IceCv    | Identified the ring "Sorag" {Fly rElec rPois rC- Str+4}
  9467 | D:11     | Reached skill level 12 in Invocations
  9804 | D:11     | You are sucked into a shaft and drop 3 floors!
  9839 | D:14     | Noticed a death drake
  9839 | D:14     | an eye of devastation changed into a death drake
  9840 | D:14     | Noticed a white ugly thing
  9841 | D:14     | a death drake changed into a salamander
  9842 | D:14     | Noticed a white ugly thing
  9842 | D:14     | Noticed a white ugly thing
  9842 | D:14     | Noticed a white ugly thing
  9846 | D:14     | Noticed a white ugly thing
  9849 | D:14     | Noticed Snorg
  9849 | D:14     | Noticed a white ugly thing
  9862 | D:14     | Noticed a centaur warrior
  9864 | D:14     | HP: 4/115 [red ugly thing (23)]
  9866 | D:14     | Slain by a red ugly thing

Illustrated notes

Levels and vault maps discovered:
D:1:      matt_arrival_debris, layout_loops_corners,
          hellmonk_ecumenical_altar_leap_of_faith
D:2:      layout_loops_ring, uniq_sigmund
D:3:      layout_basic, nicolae_dithmenos_through_a_glass_darkly,
          mainiacjoe_overflow_catwalk
D:4:      layout_loops_ring, nicolae_gozag_conspicuous_consumption,
          mainiacjoe_overflow_brackets, gammafunk_ghost_necromancy,
          uniq_eustachio, uniq_natasha
D:5:      lemuel_castle_with_subvaults [lemuel_castle_interior_carwin_1],
          layout_cave_pods, marbit_many_paths, uniq_blork_the_orc, uniq_duvessa,
          uniq_edmund
D:6:      layout_basic, nicolae_uskayaw_en_pointe, old_standard_altar,
          uniq_crazy_yiuf_cottage
D:7:      layout_gridville, mainiacjoe_overflow_24_doors,
          minmay_temple_entry_statues_fountains
D:8:      black_bear_nest_2, layout_basic, old_standard_altar, serial_shops,
          kennysheep_mini, minmay_misc_feat_enclosed
D:9:      layout_basic, okawaru_trees_1, mainiacjoe_overflow_alcove_1,
          trog_antimagical, uniq_erica
D:10:     layout_cave_pods, nicolae_overflow_hidden_temple,
          evilmike_ruin_ashenzari, special_room [special_room_orc],
          serial_rivers, chequers_serial_rivers_micro_c,
          chequers_serial_rivers_micro_d, chequers_serial_rivers_room_b,
          chequers_serial_rivers_small_b
D:11:     layout_roguey [special_room_bee], erik_lair_dragon,
          portal_ice_cave_entry_pillars_1, serial_glass, glass_columns_a,
          glass_columns_c, due_unseen_surprise, feat_on_display,
          minmay_strange_pillars
D:14:     layout_basic, david_vaults_4, serial_park_gazebo
          [serial_park_minivault_5x5_7], serial_shops, shop, abandoned_shop,
          uniq_snorg
Temple:   nicolae_temple_bog_church

Skill      XL: |  1  2  3  4  5  6  7  8  9 10 11 |
---------------+----------------------------------+-----
Unarmed Combat | 4 6 8 9 10 | 10.0
Fighting       | 6 7 9 |  9.1
Invocations    | 5 10 12 | 12.0
Dodging        | |  2.4
Stealth        | |  1.0

Action                   |  1- 3 |  4- 6 |  7- 9 | 10-12 || total
-------------------------+-------+-------+-------+-------++-------
Melee: Unarmed           |    66 |    93 |   293 |   273 ||   725
       Punch             |     2 |     1 |     9 |    14 ||    26
Throw: Dart              |       |       |     6 |    12 ||    18
Invok: Slouch            |       |       |       |     3 ||     3
       Step From Time    |       |       |       |     2 ||     2
  Use: Scroll            |       |       |       |    22 ||    22
       Potion            |       |       |       |     2 ||     2
 Stab: Sleeping          |     5 |     9 |    10 |       ||    24
       Distracted        |       |       |     2 |       ||     2
Armor: Robe              |    16 |    19 |    64 |     5 ||   104
       Troll leather arm |       |       |       |    55 ||    55
       Skin              |       |       |       |    58 ||    58
       Acid dragon scale |       |       |       |    11 ||    11
Dodge: Dodged            |    32 |    40 |   153 |   116 ||   341
